 Dungeon Crawl Stone Soup version 0.25-a0-1119-g28b6fd0c3b (webtiles) character file.

Game seed: 17139621276510619821, levelgen mode: deterministic

20251 Zarvil the Geomancer (level 12, 0/71 HPs)
             Began as a Gargoyle Earth Elementalist on May 18, 2020.
             Was a High Priest of Vehumet.
             Slain by a minotaur
             ... wielding a +4 trident of holy wrath
              (6 damage)
             ... in a Gauntlet.
             The game lasted 00:41:08 (14650 turns).

Zarvil the Geomancer (Gargoyle Earth Elementalist) Turns: 14650, Time: 00:41:09

Health: 0/71       AC: 35    Str: 15    XL:     12   Next: 77%
Magic:  25/25      EV: 14    Int: 21    God:    Vehumet [*****.]
Gold:   802        SH:  5    Dex: 10    Spells: 20/29 levels left

rFire    . . .     SeeInvis .   R - +1 rapier (elec)
rCold    . . .     Gourm    .   (no shield)
rNeg     + . .     Faith    .   u - +0 steam dragon scales
rPois    ∞         Spirit   .   t - +2 helmet
rElec    +         Reflect  +   E - +2 cloak {Stlth+}
rCorr    .         Harm     .   C - +2 pair of gloves {Str+3}
MR       .....     NoTele   +   c - +1 pair of boots
Stlth    ++........             n - amulet of reflection
HPRegen  0.21/turn              a - +4 ring of protection
MPRegen  0.19/turn              w - +4 ring of protection

@: stab
A: talons 1, blurry vision 1, negative energy resistance 1, electricity
resistance, teleportitis 1, wild magic 1, unbreathing, petrification resistance,
rot immunity, AC +8
a: Renounce Religion


You were in a Gauntlet.
You worshipped Vehumet.
Vehumet was extremely pleased with you.
You were full.

You visited 2 branches of the dungeon, and saw 14 of its levels.
You also visited: Sewer, Gauntlet and Ice Cave.

You collected 802 gold pieces.

Inventory:

Hand Weapons
 q - a +6 flail
 L - a +0 morningstar
 M - the +3 trident of Miga {vamp, rF+ rN++ MR+}
   (You found it in an ice cave)

   It inflicts no extra harm, but heals its wielder when it wounds a living foe.
   It protects you from fire.
   It greatly protects you from negative energy.
   It affects your resistance to hostile enchantments.
 R - a +1 rapier of electrocution (weapon)
Missiles
 b - 85 stones (quivered)
Armour
 c - a +1 pair of boots (worn)
 t - a +2 helmet (worn)
 u - +0 steam dragon scales (worn)
 C - a +2 pair of gloves of strength (worn)
 E - a +2 cloak of stealth (worn)
 K - the cursed +1 leather armour of the Unbroken {rPois rF+ SInv}
   (You took it off an orc wizard on level 12 of the Dungeon)

   It protects you from fire.
   It protects you from poison.
   It lets you see invisible.
   It has a curse placed upon it.
 P - a +0 cloak of magic resistance
Jewellery
 a - a +4 ring of protection (left hand)
 k - a +6 ring of intelligence
 m - the ring of Ufelet {rPois rCorr Int+7 Dex-5}
   (You found it in a Gauntlet)

   [ring of resist corrosion]

   It affects your intelligence (+7).
   It affects your dexterity (-5).
   It protects you from poison.
   It provides partial protection from all sources of acid and corrosion.
 n - an amulet of reflection (around neck)
 o - an uncursed amulet of magic regeneration
 w - a +4 ring of protection (right hand)
Wands
 z - a wand of flame (33)
 J - a wand of enslavement (6)
 N - a wand of random effects (14)
Scrolls
 f - 4 scrolls of fear
 g - 15 scrolls of teleportation
 h - 5 scrolls of remove curse
 l - 3 scrolls of fog
 F - 3 scrolls of amnesia
Potions
 e - a potion of flight
 j - a potion of brilliance
 p - a potion of might
 r - 7 potions of curing
 v - 2 potions of lignification
 B - 6 potions of magic
 D - a potion of ambrosia
Comestibles
 d - 22 rations


   Skills:
 + Level 6.6 Fighting
 + Level 6.1 Maces & Flails
 - Level 6.0 Armour
 + Level 5.3 Dodging
 - Level 2.1 Stealth
 + Level 9.0 Spellcasting
 + Level 10.0 Conjurations
   Level 0.7 Transmutations
 + Level 11.8 Earth Magic
 + Level 4.6 Evocations


You had 20 spell levels left.
You knew the following spells:

 Your Spells              Type           Power        Failure   Level  Hunger
a - Sandblast             Erth           ######       1%          1    None
b - Stone Arrow           Conj/Erth      ######       1%          3    None
c - Lee's Rapid Deconstr  Erth           ######....   1%          5    #####..

Your spell library contained the following spells:

 Spells                   Type           Power        Failure   Level  Hunger
 Freezing Cloud           Conj/Ice/Air   ####......   58%         6    ######.
 Shock                    Conj/Air       ####         1%          1    None
 Passwall                 Tmut/Erth      #####...     1%          2    None
 Dazzling Flash           Conj/Hex       #####.       1%          3    None
 Static Discharge         Conj/Air       #####...     1%          3    None
 Inner Flame              Hex/Fire       ##......     9%          3    None
 Petrify                  Tmut/Erth      #####...     9%          4    ###....
 Leda's Liquefaction      Hex/Erth       #####.....   10%         4    ###....
 Lightning Bolt           Conj/Air       #####.....   10%         5    #####..
 Corona                   Hex            ##.....      11%         1    None
 Infusion                 Chrm           ##..         11%         1    None
 Ensorcelled Hibernation  Hex/Ice        ##....       16%         2    None
 Shroud of Golubria       Chrm/Tloc      ##....       16%         2    None
 Slow                     Hex            ##......     16%         2    None
 Song of Slaying          Chrm           ##......     16%         2    None
 Swiftness                Chrm/Air       ##......     16%         2    None
 Airstrike                Air            ##........   22%         4    ###....
 Confusing Touch          Hex            ##......     30%         3    None
 Gell's Gravitas          Tloc           ##........   30%         3    None
 Ozocubu's Armour         Chrm/Ice       ##......     30%         3    None
 Portal Projectile        Hex/Tloc       ##....       30%         3    None
 Spectral Weapon          Hex/Chrm       ##......     30%         3    None
 Tukima's Dance           Hex            ##......     30%         3    None
 Yara's Violent Unravell  Hex/Tmut       ##........   45%         5    #####..
 Cause Fear               Hex            ##........   65%         4    ###....
 Metabolic Englaciation   Hex/Ice        ##........   93%         5    #####..


Dungeon Overview and Level Annotations

Branches:
Dungeon (13/15)            Temple (1/1) D:4            Lair (0/6) D:11
    Orc (0/2) D:9           Sewer (visited)           IceCv (visited)
Gauntlet (1/1)
 Vaults: D:13-14

Altars:
Cheibriados
Dithmenos
Hepliaklqana
Kikubaaqudgha
Makhleb
Nemelex Xobeh
Okawaru
Qazlal
Ru
Sif Muna
Uskayaw
Vehumet
Zin
Beogh

Annotations:
Gauntlet 6 transporters


Innate Abilities, Weirdness & Mutations

You are resistant to torment.
Your stone body is resilient. (AC +8)
You are immune to poison.
You resist negative energy. (rN+)
You are resistant to electric shocks. (rElec)
You can survive without breathing.
You are immune to petrification.
You are immune to rotting.
You have sharp toenails.
Scrolls take you a little longer to read.
You are occasionally teleported next to monsters.
Your spells are a little harder to cast, but a little more powerful.


Message History

* * * LOW HITPOINT WARNING * * *
The silver sears you!
* * * LOW HITPOINT WARNING * * *
You see here a silver javelin.
You feel better.
Evoke which item? (* to show all) (? for menu, Esc to quit)
Aiming: Polymorph
Press: ? - help, Shift-Dir - straight line, f - minotaur
Aim: a minotaur, wielding a +4 trident of holy wrath, wearing the +8 shadow dragon scales "Forget-Me-Not" {rPois MR- rCorr Dex+8 Stlth++++}, wearing the +4 kite shield "Wuploj" {rC++ MR- Int+2}, wearing an uncursed ring of see invisible and quivering 17 silver javelins (lightly wounded, chance to defeat MR: 60%)
The minotaur resists with significant effort.
The minotaur hits you from afar with a +4 trident of holy wrath!
* * * LOW HITPOINT WARNING * * *
Evoke which item? (* to show all) (? for menu, Esc to quit)
Aiming: Polymorph
Press: ? - help, Shift-Dir - straight line, f/p - minotaur
Aim: a minotaur, wielding a +4 trident of holy wrath, wearing the +8 shadow dragon scales "Forget-Me-Not" {rPois MR- rCorr Dex+8 Stlth++++}, wearing the +4 kite shield "Wuploj" {rC++ MR- Int+2}, wearing an uncursed ring of see invisible and quivering 17 silver javelins (lightly wounded, chance to defeat MR: 60%)
The minotaur looks momentarily different.
The now-empty wand crumbles to dust.
The minotaur hits you from afar with a +4 trident of holy wrath.
You die...

## ##....#..#.8...
####...##.#..#...#.
###########..#...# #
............≈#.©.# .#
............∩#...###.
............≈#.©.#..
###########..#...#.# ###
#.^....☼^.#..#...#.#.....
#.##..^##.#..#.8@.H.....8
#.#○#.#.#)#..#(..###.##.#
#..##.##..#..#.8...
#..#.©.#.©#..#...##
#..##.##..#..#≈8≈#
#h#.#.#.#.#..#####
#.##..^##.#..#
#.^.....).#..###
###########..#8#


You could see a minotaur.

Vanquished Creatures
  A hydra (D:12)
  A catoblepas (Gauntlet)
  A centaur warrior (D:10)
  The ghost of temitten the Destroyer, a novice DEAE of Vehumet (D:9)
  Nergalle (D:10)
  An unseen horror (D:11)
  A deep elf mage (D:12)
  4 ugly things
  A manticore (D:12)
  A centaur zombie (D:12)
  3 ice statues (IceCv)
  Psyche (D:11)
  6 centaur skeletons
  A gargoyle (Gauntlet)
  An efreet (Gauntlet)
  A troll (D:12)
  A hornet (D:7)
  2 hippogriffs
  5 slime creatures
  Grinder (D:6)
  3 wyverns
  A fire elemental (Gauntlet)
  2 hungry ghosts
  Eustachio (D:6)
  A steam dragon (D:12)
  A warg (D:9)
  An acid dragon (D:11)
  2 hell hounds (Gauntlet)
  Duvessa (D:4)
  3 porcupines (D:11)
  11 orc warriors
  A black bear (D:9)
  9 ice beasts
  4 phantoms
  4 ogres
  A necrophage (D:10)
  A crocodile (D:11)
  7 centaurs
  A big kobold (D:7)
  10 bullfrogs
  Dowan (D:4)
  A gnoll sergeant (D:7)
  A scorpion (D:11)
  15 killer bees
  7 wights
  An electric eel (D:9)
  3 howler monkeys
  5 crimson imps
  3 hounds
  12 orc priests
  3 jellies (D:12)
  2 bullfrog skeletons
  Crazy Yiuf (D:6)
  3 iguanas
  Ijyb (D:5)
  14 orc wizards
  6 worker ants
  A killer bee zombie (D:8)
  A hound zombie (D:6)
  A hound skeleton (D:4)
  Robin (D:4)
  2 worker ant zombies
  8 adders
  8 gnolls
  8 shadow imps
  12 white imps (D:11)
  5 oozes (D:12)
  An adder skeleton (D:9)
  4 dart slugs
  6 worms
  A leopard gecko (D:1)
  53 orcs
  6 bats
  4 giant cockroaches
  18 goblins
  17 hobgoblins
  9 jackals
  16 kobolds
  4 quokkas
  6 ball pythons
  7 frilled lizards
  2 quokka skeletons
  4 rats
384 creatures vanquished.

Vanquished Creatures (others)
  An adder skeleton (D:9)
  An orc (D:5)
  2 fungi (D:11)
  3 withered plants (Gauntlet)
7 creatures vanquished.

Grand Total: 391 creatures vanquished

Notes
Turn   | Place    | Note
-------+----------+-------------------------------------------
     0 | D:1      | Zarvil the Gargoyle Earth Elementalist began the quest for
                  | the Orb.
     0 | D:1      | Reached XP level 1. HP: 10/10 MP: 3/3
   242 | D:1      | Reached XP level 2. HP: 7/15 MP: 3/5
   394 | D:1      | Reached skill level 4 in Earth Magic
   997 | D:1      | Reached XP level 3. HP: 19/19 MP: 2/7
  1648 | D:1      | Learned a level 3 spell: Stone Arrow
  1687 | D:2      | Reached XP level 4. HP: 23/24 MP: 5/8
  1826 | D:2      | Noticed a centaur
  1837 | D:2      | Killed a centaur
  1837 | D:2      | Reached skill level 1 in Conjurations
  1837 | D:2      | Reached skill level 5 in Earth Magic
  1837 | D:2      | Reached XP level 5. HP: 28/28 MP: 5/10
  2019 | D:2      | Found an iron altar of Okawaru.
  2849 | D:3      | Found a glowing silver altar of Zin.
  2854 | D:3      | Found an ancient bone altar of Kikubaaqudgha.
  2857 | D:3      | Found a sparkling altar of Nemelex Xobeh.
  2868 | D:3      | Found a shadowy altar of Dithmenos.
  2996 | D:3      | Found a hide-covered altar of Uskayaw.
  3355 | D:3      | Reached XP level 6. HP: 32/32 MP: 11/11
  3451 | D:4      | Noticed Robin
  3694 | D:4      | Learned a level 5 spell: Lee's Rapid Deconstruction
  3695 | D:4      | Found a staircase to the Ecumenical Temple.
  3701 | Temple   | Entered the Ecumenical Temple
  3767 | Temple   | Became a worshipper of Vehumet
  3930 | D:4      | Reached skill level 6 in Earth Magic
  3963 | D:4      | Noticed Duvessa
  3965 | D:4      | Killed Robin
  4024 | D:4      | Noticed Dowan
  4025 | D:4      | Killed Duvessa
  4025 | D:4      | Reached XP level 7. HP: 36/36 MP: 4/13
  4095 | D:4      | Killed Dowan
  4555 | D:5      | Entered Level 5 of the Dungeon
  4598 | D:5      | Reached * piety under Vehumet
  4598 | D:5      | Offered knowledge of Freeze by Vehumet.
  4635 | D:5      | Reached skill level 7 in Earth Magic
  4648 | D:5      | Reached skill level 5 in Spellcasting
  4758 | D:5      | Noticed Ijyb
  4790 | D:5      | Killed Ijyb
  4790 | D:5      | Reached XP level 8. HP: 39/41 MP: 6/15
  5024 | D:5      | Reached skill level 5 in Conjurations
  5103 | D:5      | Found a radiant altar of Vehumet.
  5205 | D:6      | Noticed Eustachio
  5237 | D:6      | Killed Eustachio
  5367 | D:6      | Noticed Grinder
  5369 | D:6      | Paralysed by Grinder for 3 turns
  5374 | D:6      | Paralysed by Grinder for 2 turns
  5377 | D:6      | Killed Grinder
  5377 | D:6      | Reached skill level 8 in Earth Magic
  5590 | D:6      | Found a burning altar of Makhleb.
  5721 | D:6      | Found a glowing drain.
  5732 | Sewer    | Entered a sewer
  6242 | D:6      | Found a runed translucent door.
  6243 | D:6      | Noticed Crazy Yiuf
  6251 | D:6      | Killed Crazy Yiuf
  6251 | D:6      | Reached ** piety under Vehumet
  6251 | D:6      | Offered knowledge of Searing Ray by Vehumet.
  6610 | D:7      | Reached XP level 9. HP: 30/45 MP: 14/18
  6832 | D:7      | Reached skill level 9 in Earth Magic
  7044 | D:7      | Found a stormy altar of Qazlal.
  7241 | D:7      | Noticed a hornet
  7253 | D:7      | Killed a hornet
  7351 | D:7      | Reached skill level 1 in Fighting
  7351 | D:7      | Reached skill level 1 in Armour
  7543 | D:7      | Found a hazy altar of Hepliaklqana.
  7684 | D:8      | Reached skill level 1 in Maces & Flails
  7796 | D:8      | Offered knowledge of Static Discharge by Vehumet.
  8354 | D:8      | Reached XP level 10. HP: 53/53 MP: 18/20
  8562 | D:9      | Reached *** piety under Vehumet
  8711 | D:9      | Reached skill level 10 in Earth Magic
  8818 | D:9      | Offered knowledge of Fulminant Prism by Vehumet.
  9261 | D:9      | Found a staircase to the Orcish Mines.
  9263 | D:9      | Reached **** piety under Vehumet
  9379 | D:9      | Found a runed translucent gate.
  9380 | D:9      | Found a runed translucent gate.
  9380 | D:9      | Noticed temitten's ghost (novice DEAE)
  9381 | D:9      | Found a runed translucent gate.
  9384 | D:9      | Identified the cursed +0 chain mail of Precision
                  | Catastrophes {Slay+3}
  9387 | D:9      | Found a roughly hewn altar of Beogh.
  9651 | D:9      | Killed temitten's ghost
  9651 | D:9      | Reached skill level 1 in Evocations
  9793 | D:10     | Entered Level 10 of the Dungeon
 10039 | D:10     | Offered knowledge of Iskenderun's Battlesphere by Vehumet.
 10118 | D:10     | Reached XP level 11. HP: 61/61 MP: 22/22
 10119 | D:10     | Noticed Nergalle
 10370 | D:10     | Killed Nergalle
 10544 | D:10     | Noticed a centaur warrior
 10556 | D:10     | Killed a centaur warrior
 10875 | D:11     | Noticed a white ugly thing
 10884 | D:11     | Killed a white ugly thing
 10973 | D:11     | Found a frozen archway.
 11031 | IceCv    | Entered an ice cave
 11034 | IceCv    | Reached ***** piety under Vehumet
 11034 | IceCv    | Offered knowledge of Ozocubu's Refrigeration by Vehumet.
 11034 | IceCv    | Reached skill level 5 in Armour
 11074 | IceCv    | Got a bone trident
 11075 | IceCv    | Identified the +3 trident of Miga {vamp, rF+ rN++ MR+} (You
                  | found it in an ice cave)
 11101 | IceCv    | Noticed a white ugly thing
 11158 | IceCv    | Killed a white ugly thing
 11248 | IceCv    | Reached skill level 5 in Fighting
 11492 | IceCv    | Reached skill level 11 in Earth Magic
 11493 | IceCv    | Noticed a white ugly thing
 11504 | IceCv    | Killed a white ugly thing
 11669 | D:11     | Found a staircase to the Lair.
 12021 | D:11     | Killed an unseen horror
 12021 | D:11     | Reached skill level 5 in Maces & Flails
 12290 | D:11     | Reached XP level 12. HP: 68/68 MP: 24/24
 12355 | D:11     | Gained mutation: You have sharp toenails. [potion of
                  | mutation]
 12355 | D:11     | Gained mutation: Scrolls take you a little longer to read.
                  | [potion of mutation]
 12355 | D:11     | Gained mutation: You are occasionally teleported next to
                  | monsters. [potion of mutation]
 12355 | D:11     | Gained mutation: Your spells are a little harder to cast,
                  | but a little more powerful. [potion of mutation]
 12388 | D:11     | Noticed Psyche
 12397 | D:11     | Killed Psyche
 13045 | D:12     | Reached skill level 5 in Dodging
 13388 | D:12     | Noticed a six-headed hydra
 13392 | D:12     | Killed a six-headed hydra
 13723 | D:12     | Identified the cursed +1 leather armour of the Unbroken
                  | {rPois rF+ SInv}
 13882 | D:13     | Noticed a two-headed ogre
 13903 | D:13     | Found a gate leading to a gauntlet.
 13913 | Gauntlet | Entered a Gauntlet
 13913 | Gauntlet | Found a transporter.
 13913 | Gauntlet | Found a transporter.
 13913 | Gauntlet | Found a transporter.
 13913 | Gauntlet | Found a transporter.
 13913 | Gauntlet | Noticed a soul eater
 13913 | Gauntlet | Noticed a soul eater
 14090 | Gauntlet | Found a transporter.
 14100 | Gauntlet | Found a transporter.
 14104 | Gauntlet | Found a transporter.
 14116 | Gauntlet | Found a transporter.
 14136 | Gauntlet | Found a transporter.
 14156 | Gauntlet | Found a transporter.
 14158 | Gauntlet | Found a transporter.
 14159 | Gauntlet | Noticed a catoblepas
 14168 | Gauntlet | Found a transporter.
 14310 | Gauntlet | Killed a catoblepas
 14310 | Gauntlet | Offered knowledge of Freezing Cloud by Vehumet.
 14310 | Gauntlet | Reached skill level 10 in Conjurations
 14337 | Gauntlet | Got a twitching golden ring
 14339 | Gauntlet | Identified the ring of Ufelet {rPois rCorr Int+7 Dex-5}
                  | (You found it in a Gauntlet)
 14634 | Gauntlet | Identified the +8 shadow dragon scales "Forget-Me-Not"
                  | {rPois MR- rCorr Dex+8 Stlth++++}
 14634 | Gauntlet | Identified the +4 kite shield "Wuploj" {rC++ MR- Int+2}
 14634 | Gauntlet | Noticed a minotaur
 14650 | Gauntlet | Slain by a minotaur

Illustrated notes

Levels and vault maps discovered:
D:1:      minmay_arrival_shattered_statue, layout_loops_ring
D:2:      layout_basic, okawaru_trees_1, hex_tiny
D:3:      minmay_spotlight, layout_loops_cross, grunt_temple_overflow_open,
          eat_drink_and_be_merry_uskayaw, grunt_dithmenos_smoke_and_mirrors
D:4:      layout_cave_pools, temple_green, first_ration,
          minmay_goblin_kobold_house, uniq_robin, uniq_duvessa
D:5:      layout_cave_pools, serial_park, vehumet_altar_wand_db, uniq_ijyb
D:6:      layout_rooms, lightli_temple_of_fire, cheibrodos_sewer_entry_bend,
          uniq_crazy_yiuf_cottage, uniq_grinder, uniq_eustachio
D:7:      layout_loops_ring, lemuel_doored_altar, marbit_many_paths,
          serial_glass, glass_columns_a, glass_columns_a, glass_columns_b,
          glass_columns_b, glass_columns_a
D:8:      layout_loops_ring
D:9:      layout_rooms, erik_orc_2, biasface_ghost_orc_armoury
D:10:     layout_rooms, uniq_nergalle
D:11:     layout_small_grid, due_lair_maze_entry_diamond,
          portal_ice_cave_entry_imps, uniq_psyche
D:12:     layout_irregular_city, hangedman_little_slice_of_home
D:13:     layout_small_grid, grunt_vaults_entry_tiered, gauntlet_entry_generic
Temple:   nicolae_temple_figure_eight
Gauntlet: gammafunk_gauntlet_hard_choice [gammafunk_gauntlet_arena_mazey,
          gammafunk_gauntlet_arena_open, gammafunk_gauntlet_arena_grid,
          nicolae_gauntlet_arena_blocks, gammafunk_gauntlet_arena_crates,
          gammafunk_gauntlet_arena_corners,
          nicolae_gauntlet_exit_dead_adventurers]

Skill      XL: |  1  2  3  4  5  6  7  8  9 10 11 12 |
---------------+-------------------------------------+-----
Earth Magic    | 4 5 6 7 8 9 10 11 | 11.8
Spellcasting   | 3 4 5 6 7 8 9 |  9.0
Conjurations   | 1 2 3 4 6 7 8 9 10 | 10.0
Fighting       | 2 4 5 6 |  6.6
Armour         | 2 4 5 6 |  6.0
Maces & Flails | 2 3 5 6 |  6.1
Dodging        | 2 3 4 5 |  5.3
Evocations     | 1 3 4 |  4.6
Stealth        | |  2.1
Transmutations | |  0.7

Action                   |  1- 3 |  4- 6 |  7- 9 | 10-12 || total
-------------------------+-------+-------+-------+-------++-------
Melee: Unarmed           |     6 |       |       |       ||     6
       Club              |     4 |       |       |       ||     4
       Short sword       |    39 |    67 |       |       ||   106
       Dagger            |    47 |    68 |   387 |    93 ||   595
       Rapier            |       |       |       |   206 ||   206
 Cast: Sandblast         |    22 |    39 |    87 |   143 ||   291
       Stone Arrow       |       |     1 |       |    17 ||    18
       Lee's Rapid Decon |       |       |     4 |    72 ||    76
Evoke: Wand              |       |       |       |    25 ||    25
  Use: Scroll            |       |    10 |     5 |    17 ||    32
       Potion            |       |       |     2 |    10 ||    12
 Stab: Sleeping          |     2 |     2 |     2 |       ||     6
       Distracted        |       |       |     1 |       ||     1
  Eat: Chunk             |     2 |     8 |    15 |    26 ||    51
       Ration            |       |       |       |     4 ||     4
Armor: Robe              |    27 |    68 |   247 |   232 ||   574
       Skin              |       |       |       |    51 ||    51
       Steam dragon scal |       |       |       |   105 ||   105
Dodge: Dodged            |    62 |   106 |   268 |   342 ||   778
Block: Other             |       |       |       |     1 ||     1

Table legend:
 A = Non-vault XP
 B = Vault XP
 C = Vault XP percentage of total XP
 D = Non-vault monster count
 E = Vault monster count
 F = Vault count percentage of total count
                 A         B        C        D         E       F
            +---------+---------+-------+---------+---------+-------
      Total |   17835 |   11095 |  38.4 |     264 |     122 |  31.6
            +---------+---------+-------+---------+---------+-------
        D:1 |      65 |       0 |   0.0 |      27 |       0 |   0.0
        D:2 |     218 |       0 |   0.0 |      26 |       0 |   0.0
        D:3 |      25 |      27 |  51.9 |       9 |       8 |  47.1
        D:4 |     195 |     256 |  56.8 |       8 |      16 |  66.7
        D:5 |     559 |      38 |   6.4 |      20 |       2 |   9.1
        D:6 |     227 |     493 |  68.5 |       5 |       5 |  50.0
        D:7 |    1535 |       1 |   0.1 |      25 |       1 |   3.8
        D:8 |    1361 |       0 |   0.0 |      20 |       0 |   0.0
        D:9 |     955 |    2143 |  69.2 |      23 |      31 |  57.4
       D:10 |    2205 |     781 |  26.2 |      31 |       1 |   3.1
       D:11 |    3568 |    1421 |  28.5 |      17 |      22 |  56.4
       D:12 |    6922 |     410 |   5.6 |      53 |       9 |  14.5
      Sewer |       0 |      36 | 100.0 |       0 |      10 | 100.0
      IceCv |       0 |    3282 | 100.0 |       0 |      11 | 100.0
   Gauntlet |       0 |    2207 | 100.0 |       0 |       6 | 100.0
            +---------+---------+-------+---------+---------+-------
